 Dungeon Crawl Stone Soup version 0.27-a0-1202-ge72e49191c (webtiles) character file.

Game seed: 12697968464661503645

9 streetpizza the Caller (level 2, -2/20 HPs)
             Began as a Demonspawn Wanderer on June 2, 2021.
             Frozen to death by an endoplasm (4 damage)
             ... on level 1 of the Dungeon.
             The game lasted 00:01:48 (619 turns).

streetpizza the Caller (Demonspawn Wanderer)         Turns: 619, Time: 00:01:49

Health: -2/20      AC:  5    Str: 12    XL:     2   Next: 6%
Magic:  3/3        EV: 11    Int: 15    God:
Gold:   26         SH:  0    Dex: 10    Spells: 1/3 levels left

rFire    . . .     SeeInvis .   f - +0 whip
rCold    . . .     Faith    .   (no shield)
rNeg     . . .     Spirit   .   d - +2 leather armour
rPois    .         Reflect  .   (helmet restricted)
rElec    .         Harm     .   (no cloak)
rCorr    .         Rampage  .   (no gloves)
Will     .....                  (no boots)
Stlth    +.........             (no amulet)
HPRegen  0.06/turn              (no ring)
MPRegen  0.08/turn              (no ring)

@: no status effects
A: antennae 1
a: no special abilities


You were on level 1 of the Dungeon.
You visited 1 branch of the dungeon, and saw 1 of its levels.

You collected 26 gold pieces.

Inventory:

Hand Weapons
 f - a +0 whip (weapon)
Armour
 d - a +2 leather armour (worn)
Scrolls
 b - 3 scrolls of amnesia {unknown}
Potions
 a - a potion of berserk rage {unknown}
 c - a potion of curing


   Skills:
 + Level 0.6 Fighting
 + Level 0.5 Maces & Flails
 - Level 1.0 Throwing
 + Level 1.2 Dodging
 - Level 1.7 Stealth
 - Level 1.0 Spellcasting
 - Level 4.0 Summonings
 + Level 1.3 Evocations


You had one spell level left.
You knew the following spells:

 Your Spells              Type           Power      Damage    Failure   Level
a - Foxfire               Conj/Fire      0%         2x1d4     30%         1
b - Summon Small Mammal   Summ           48%        N/A       6%          1

Your spell library contained the following spells:

 Spells                   Type           Power      Damage    Failure   Level
 Call Imp                 Summ           12%        N/A       9%          2
 Call Canine Familiar     Summ           12%        N/A       19%         3
 Summon Guardian Golem    Hex/Summ       6%         N/A       38%         3
 Ignite Poison            Fire/Tmut/Pois 0%         N/A       67%         3
 Summon Ice Beast         Ice/Summ       6%         N/A       80%         4
 Summon Lightning Spire   Summ/Air       6%         N/A       80%         4


Dungeon Overview and Level Annotations

Branches:
Dungeon (1/15)

Altars:


Innate Abilities, Weirdness & Mutations

You have a pair of small antennae on your head.


Message History

A pair of antennae grows on your head!
Found 7 gold pieces.
Unknown command.
You open the door. 2 endoplasms come into view.
Found 14 gold pieces.
The endoplasm quivers. x2
There is an open door here.
The endoplasm freezes you.
You are frozen.
The endoplasm freezes you.
You are frozen.
You hit the endoplasm but do no damage. The endoplasm freezes you.
You are frozen.
The endoplasm hits you but does no damage.
You hit the endoplasm but do no damage. The endoplasm closely misses you.
The endoplasm hits you but does no damage.
You hit the endoplasm.
The endoplasm is almost dead.
The endoplasm hits you but does no damage.
The endoplasm hits you.
You hit the endoplasm but do no damage.
The endoplasm is almost dead.
The endoplasm freezes you.
You are frozen.
The endoplasm barely misses you.
You hit the endoplasm.
You kill the endoplasm!
The endoplasm freezes you.
You are frozen.
You hit the endoplasm.
The endoplasm is almost dead.
The endoplasm freezes you.
You are frozen.
* * * LOW HITPOINT WARNING * * *
You completely miss the endoplasm.
The endoplasm is almost dead.
The endoplasm freezes you.
You are frozen.
You die...

#...........#
##.###......#.
#..........
##...####..
#..#####..
#........#
##.#######
##'## #.@.#
#.J.$.#
#.......#
#.........#
+.........+
#.........#
##.......##
##.....##


You could see an endoplasm.

Vanquished Creatures
  A dart slug (D:1)
  An endoplasm (D:1)
  A giant cockroach (D:1)
  A hobgoblin (D:1)
  A kobold (D:1)
  A quokka (D:1)
6 creatures vanquished.

Notes
Turn   | Place    | Note
-------+----------+-------------------------------------------
     0 | D:1      | streetpizza the Demonspawn Wanderer began the quest for the
                  | Orb.
     0 | D:1      | streetpizza set off with the following items: a +0 club, a
                  | potion of curing, a +2 leather armour, a +0 dagger; and the
                  | following spell memorised: Foxfire; and the following
                  | spells available to memorise: Ignite Poison
     0 | D:1      | Reached XP level 1. HP: 13/13 MP: 2/2
   517 | D:1      | Learned a level 1 spell: Summon Small Mammal
   564 | D:1      | Gained mutation: You have a pair of small antennae on your
                  | head. [demonic ancestry]
   564 | D:1      | Reached XP level 2. HP: 20/20 MP: 3/3
   619 | D:1      | Frozen to death by an endoplasm

Illustrated notes

Levels and vault maps discovered:
D:1:      dpeg_arrival_erosion, layout_loops_corners,
          chequers_ecumenical_altar_simple, lemuel_flame_loot_1

Action                   || total
-------------------------++-------
Melee: Club              ||    20
       Whip              ||    15
 Stab: Sleeping          ||     1
Armor: Leather armour    ||    14
Dodge: Dodged            ||    17

Table legend: (Time is in decaauts)
 A = Elapsed time spent in this place.
 B = Non-inter-level travel time spent in this place.
 C = Inter-level travel time spent in this place.
 D = Time resting spent in this place.
 E = Time spent auto-exploring this place.
 F = Levels seen in this place.
 G = Mean time per level.
                   A        B        C        D        E       F      G
               +--------+--------+--------+--------+--------+-----+--------+
         Total |    625 |    625 |      0 |      0 |    541 |   1 |  625.0 |
       Dungeon |    625 |    625 |      0 |      0 |    541 |   1 |  625.0 |
               +--------+--------+--------+--------+--------+-----+--------+

Top non-repeatable levels by time:
     D:1: 625 daAuts
